TOP OF THE 1ST |
Hudson Valley Renegades batting - Pitching for Los Angeles (NYP) Angels : RHP Arnold Frye
|
Pitching: RHP Arnold Frye
|
|
Batting: RHB Eric Narrow
|
0-0: Ground out 6-3 (Groundball, 6S, EV 66.2 MPH)
|
Batting: LHB Tony Zizumbo
|
0-0: Ball 1-0: Ball 2-0: Ball 3-0: Base on Balls
|
Batting: RHB Kevin Kush
|
0-0: Foul Ball, location: 2F 0-1: Ball 1-1: Foul Ball, location: 2F 1-2: Ball 2-2: Ball 3-2: Base on Balls Tony Zizumbo to second
|
Batting: LHB Rocky Crowley
|
0-0: Ball 1-0: Ball 2-0: Ground out 6-3 (Groundball, P, EV 95.0 MPH) Tony Zizumbo to third Kevin Kush to second
|
Batting: RHB Wil Urban
|
0-0: Swinging Strike 0-1: Foul Ball, location: 2F 0-2: Foul Ball, location: 2F 0-2: Strikes out looking
|
Top of the 1st over - 0 runs, 0 hits, 0 errors, 2 left on base; Hudson Valley 0 - Los Angeles (NYP) 0 |
BOTTOM OF THE 1ST |
Los Angeles (NYP) Angels batting - Pitching for Hudson Valley Renegades : RHP Jaime Astacio
|
Pitching: RHP Jaime Astacio
|
|
Batting: RHB Khalil Thurston
|
0-0: Ground out 4-3 (Groundball, 4, EV 93.8 MPH)
|
Batting: RHB Juan Montez
|
0-0: Called Strike 0-1: Swinging Strike 0-2: Foul Ball, location: 2F 0-2: Strikes out looking
|
Batting: LHB Jonathon Walton
|
0-0: Called Strike 0-1: Ball 1-1: Called Strike 1-2: Ball 2-2: Ball 3-2: Strikes out swinging
|
Bottom of the 1st over - 0 runs, 0 hits, 0 errors, 0 left on base; Hudson Valley 0 - Los Angeles (NYP) 0 |
TOP OF THE 2ND |
Hudson Valley Renegades batting - Pitching for Los Angeles (NYP) Angels : RHP Arnold Frye
|
Batting: RHB Nelle Lommen
|
0-0: Ball 1-0: Ball 2-0: Ball 3-0: Called Strike 3-1: Ground out 6-3 (Groundball, 56, EV 86.2 MPH)
|
Batting: RHB Evan Chalarian
|
0-0: Ball 1-0: Called Strike 1-1: Ball 2-1: Foul Ball, location: 2F 2-2: Foul Ball, location: 2F 2-2: SINGLE (Groundball, 6MD, EV 111.2 MPH)
|
Batting: SHB Suljo Dokic
|
0-0: Foul Ball, location: 2F 0-1: Swinging Strike 0-2: DOUBLE (Line Drive, 78M, EV 91.2 MPH) Evan Chalarian to third Evan Chalarian scores
|
Batting: RHB Jesus Carrillo
|
0-0: Called Strike 0-1: Ball 1-1: Ball 2-1: Called Strike 2-2: Foul Ball, location: 2F 2-2: Foul Ball, location: 2F 2-2: Foul Ball, location: 2F 2-2: Ball 3-2: Foul Ball, location: 2F 3-2: Base on Balls
|
Batting: RHB Eric Narrow
|
0-0: Ball 1-0: Foul Ball, location: 2F 1-1: Called Strike 1-2: SINGLE (Line Drive, 4MD, EV 99.4 MPH) Suljo Dokic to third Jesus Carrillo to second Throwing error, E8 Suljo Dokic scores Jesus Carrillo to third Eric Narrow to second
|
Batting: LHB Tony Zizumbo
|
0-0: Foul Ball, location: 2F 0-1: Ball 1-1: Ball 2-1: Foul Ball, location: 2F 2-2: Foul Ball, location: 2F 2-2: Fly out, F9 (Flyball, 9, EV 90.6 MPH)
|
Batting: RHB Kevin Kush
|
0-0: Ball 1-0: Foul Ball, location: 2F 1-1: Ball 2-1: Ball 3-1: Fly out, F9 (Flyball, 9S, EV 79.4 MPH)
|
Top of the 2nd over - 2 runs, 3 hits, 1 error, 2 left on base; Hudson Valley 2 - Los Angeles (NYP) 0 |
BOTTOM OF THE 2ND |
Los Angeles (NYP) Angels batting - Pitching for Hudson Valley Renegades : RHP Jaime Astacio
|
Batting: RHB Oren Jones
|
0-0: Ball 1-0: Called Strike 1-1: Ball 2-1: Ball 3-1: Foul Ball, location: 2F 3-2: SOLO HOME RUN (Flyball, 7LD, EV 95.0 MPH), Distance : 361 ft
|
Batting: RHB Josh Faulconer
|
0-0: Fly out, F2 (Popup, 23F, EV 78.8 MPH)
|
Batting: LHB Mutsuo IIda
|
0-0: Called Strike 0-1: Foul Ball, location: 2F 0-2: Ball 1-2: Strikes out swinging
|
Batting: RHB Edward Hillock
|
0-0: Ball 1-0: Called Strike 1-1: Ball 2-1: DOUBLE (Line Drive, 89D, EV 103.1 MPH)
|
Batting: RHB Bryan Payne
|
0-0: Ball 1-0: Swinging Strike 1-1: Called Strike 1-2: Strikes out looking
|
Bottom of the 2nd over - 1 run, 2 hits, 0 errors, 1 left on base; Hudson Valley 2 - Los Angeles (NYP) 1 |
TOP OF THE 3RD |
Hudson Valley Renegades batting - Pitching for Los Angeles (NYP) Angels : RHP Arnold Frye
|
Batting: LHB Rocky Crowley
|
0-0: Called Strike 0-1: Ground out 1-3 (Groundball, P, EV 67.5 MPH)
|
Batting: RHB Wil Urban
|
0-0: Ball 1-0: Foul Ball, location: 2F 1-1: Foul Ball, location: 2F 1-2: Foul Ball, location: 2F 1-2: Ball 2-2: Strikes out swinging
|
Batting: RHB Nelle Lommen
|
0-0: Called Strike 0-1: Ball 1-1: SINGLE (Groundball, 4D, EV 106.2 MPH)
|
Batting: RHB Evan Chalarian
|
0-0: Called Strike 0-1: Ground out 2-3 (Groundball, 15S, EV 71.9 MPH)
|
Top of the 3rd over - 0 runs, 1 hit, 0 errors, 1 left on base; Hudson Valley 2 - Los Angeles (NYP) 1 |
BOTTOM OF THE 3RD |
Los Angeles (NYP) Angels batting - Pitching for Hudson Valley Renegades : RHP Jaime Astacio
|
Batting: RHB J.R. Roberts
|
0-0: Called Strike 0-1: Called Strike 0-2: Ball 1-2: Strikes out swinging, 2-3 out at first.
|
Batting: RHB Khalil Thurston
|
0-0: Swinging Strike 0-1: Ball 1-1: Ball 2-1: Foul Ball, location: 2F 2-2: Fly out, F4 (Popup, 4, EV 68.8 MPH)
|
Batting: RHB Juan Montez
|
0-0: DOUBLE (Flyball, 8RXD, EV 96.2 MPH)
|
Batting: LHB Jonathon Walton
|
0-0: Called Strike 0-1: Ball 1-1: Swinging Strike 1-2: Fly out, F5 (Popup, P, EV 83.8 MPH)
|
Bottom of the 3rd over - 0 runs, 1 hit, 0 errors, 1 left on base; Hudson Valley 2 - Los Angeles (NYP) 1 |
TOP OF THE 4TH |
Hudson Valley Renegades batting - Pitching for Los Angeles (NYP) Angels : RHP Arnold Frye
|
Batting: SHB Suljo Dokic
|
0-0: Called Strike 0-1: DOUBLE (Line Drive, 9LD, EV 110.0 MPH)
|
Batting: RHB Jesus Carrillo
|
0-0: Called Strike 0-1: SINGLE (Line Drive, 8RS, EV 103.1 MPH) Suljo Dokic to third Runner from 3rd tries for Home, SAFE, throw by CF to home
|
Batting: RHB Eric Narrow
|
0-0: Ball 1-0: Foul Ball, location: 2F 1-1: Ball 2-1: Fielders Choice at 2nd, 1-6 (Groundball, 34S, EV 68.8 MPH)
|
Batting: LHB Tony Zizumbo
|
0-0: Ball Eric Narrow steals 2nd base (no throw) 1-0: Foul Ball, location: 2F 1-1: Foul Ball, location: 2F 1-2: Ball 2-2: SINGLE (Groundball, 34D, EV 96.9 MPH) Eric Narrow to third Runner from 3rd tries for Home, SAFE, throw by RF to home
|
Batting: RHB Kevin Kush
|
0-0: Called Strike 0-1: Foul Ball, location: 2F 0-2: Ball 1-2: Ball 2-2: Fly out, F8 (Flyball, 8RD, EV 92.5 MPH)
|
Batting: LHB Rocky Crowley
|
0-0: Ball 1-0: Ball 2-0: Ball 3-0: Foul Ball, location: 2F 3-1: Swinging Strike 3-2: Strikes out swinging
|
Top of the 4th over - 2 runs, 3 hits, 0 errors, 1 left on base; Hudson Valley 4 - Los Angeles (NYP) 1 |
BOTTOM OF THE 4TH |
Los Angeles (NYP) Angels batting - Pitching for Hudson Valley Renegades : RHP Jaime Astacio
|
Batting: RHB Oren Jones
|
0-0: Ball 1-0: Ball 2-0: Called Strike 2-1: Ball 3-1: Called Strike 3-2: Strikes out swinging
|
Batting: RHB Josh Faulconer
|
0-0: SINGLE (Line Drive, 7LS, EV 106.9 MPH)
|
Batting: LHB Mutsuo IIda
|
0-0: Ball 1-0: Ball Josh Faulconer steals 2nd base 2-0: Swinging Strike 2-1: Fly out, F9 (Flyball, 9, EV 89.4 MPH)
|
Batting: RHB Edward Hillock
|
0-0: Ball 1-0: Swinging Strike 1-1: Swinging Strike 1-2: Ball 2-2: Foul Ball, location: 2F 2-2: Strikes out swinging
|
Bottom of the 4th over - 0 runs, 1 hit, 0 errors, 1 left on base; Hudson Valley 4 - Los Angeles (NYP) 1 |
TOP OF THE 5TH |
Hudson Valley Renegades batting - Pitching for Los Angeles (NYP) Angels : RHP Arnold Frye
|
Batting: RHB Wil Urban
|
0-0: Foul Ball, location: 2F 0-1: Ball 1-1: Ball 2-1: Ball 3-1: Base on Balls
|
Batting: RHB Nelle Lommen
|
0-0: SINGLE (Groundball, 34D, EV 96.2 MPH) Wil Urban to second
|
Batting: RHB Evan Chalarian
|
0-0: Ball 1-0: Ball 2-0: Ball 3-0: Base on Balls Wil Urban to third Nelle Lommen to second
|
Batting: SHB Suljo Dokic
|
0-0: Ball 1-0: Ball 2-0: Fielders Choice at 2nd, 6-4 (Groundball, 6, EV 104.4 MPH) Wil Urban scores Nelle Lommen to third
|
Pitching: RHP Jamie Snyder
|
|
Batting: RHB Jesus Carrillo
|
0-0: Foul Ball, location: 2F 0-1: Called Strike 0-2: Strikes out swinging
|
Batting: RHB Eric Narrow
|
0-0: Ball 1-0: Ball 2-0: Foul Ball, location: 2F 2-1: Ball 3-1: Foul Ball, location: 2F 3-2: Base on Balls Suljo Dokic to second
|
Batting: LHB Tony Zizumbo
|
0-0: Called Strike 0-1: Swinging Strike 0-2: Ball 1-2: Foul Ball, location: 2F 1-2: Foul Ball, location: 2F 1-2: Hit by Pitch Nelle Lommen scores Suljo Dokic to third Eric Narrow to second
|
Batting: RHB Kevin Kush
|
0-0: Ground out 3-1 (Groundball, 34, EV 87.5 MPH)
|
Top of the 5th over - 2 runs, 1 hit, 0 errors, 3 left on base; Hudson Valley 6 - Los Angeles (NYP) 1 |
BOTTOM OF THE 5TH |
Los Angeles (NYP) Angels batting - Pitching for Hudson Valley Renegades : RHP Jaime Astacio
|
Batting: RHB Bryan Payne
|
0-0: Ball 1-0: Fly out, F2 (Popup, 2R, EV 92.5 MPH)
|
Batting: RHB J.R. Roberts
|
0-0: Ball 1-0: Foul Ball, location: 2F 1-1: Foul Ball, location: 2F 1-2: Hit by Pitch
|
Batting: RHB Khalil Thurston
|
0-0: Ball 1-0: Fly out, F3 (Popup, 34S, EV 66.2 MPH)
|
Batting: RHB Juan Montez
|
0-0: Called Strike 0-1: Swinging Strike 0-2: Ball 1-2: Ball 2-2: Foul Ball, location: 2F 2-2: Strikes out swinging
|
Bottom of the 5th over - 0 runs, 0 hits, 0 errors, 1 left on base; Hudson Valley 6 - Los Angeles (NYP) 1 |
TOP OF THE 6TH |
Hudson Valley Renegades batting - Pitching for Los Angeles (NYP) Angels : RHP Jamie Snyder
|
Batting: LHB Rocky Crowley
|
0-0: Ball 1-0: Fly out, F9 (Flyball, 9S, EV 88.8 MPH)
|
Pitching: LHP Chris Fuller
|
|
Batting: RHB Wil Urban
|
0-0: Ball 1-0: Ball 2-0: Called Strike 2-1: Called Strike 2-2: Foul Ball, location: 2F 2-2: Ball 3-2: Foul Ball, location: 2F 3-2: Base on Balls
|
Batting: RHB Nelle Lommen
|
0-0: SINGLE (Groundball, 6MD, EV 106.2 MPH) Wil Urban to second Runner from 2nd tries for 3rd, SAFE, throw by CF made to third
|
Batting: RHB Evan Chalarian
|
0-0: Ball 1-0: SINGLE (Groundball, 34, EV 108.8 MPH) Wil Urban scores Nelle Lommen to second Runner from 2nd tries for 3rd, SAFE, throw by RF made at trailing runner, OUT! 9-6
|
Batting: SHB Suljo Dokic
|
0-0: Called Strike 0-1: Ball 1-1: SINGLE (Groundball, 6D, EV 103.1 MPH) Nelle Lommen scores
|
Batting: RHB Jesus Carrillo
|
0-0: Called Strike 0-1: Swinging Strike 0-2: Foul Ball, location: 2F 0-2: Ball 1-2: Strikes out swinging
|
Top of the 6th over - 2 runs, 3 hits, 0 errors, 1 left on base; Hudson Valley 8 - Los Angeles (NYP) 1 |
BOTTOM OF THE 6TH |
Los Angeles (NYP) Angels batting - Pitching for Hudson Valley Renegades : RHP Jaime Astacio
|
Batting: LHB Jonathon Walton
|
0-0: Ball 1-0: Swinging Strike 1-1: Ball 2-1: Ball 3-1: Called Strike 3-2: Fly out, F9 (Line Drive, 89M, EV 86.9 MPH)
|
Pitching: RHP Carlos Najera
|
|
Batting: RHB Oren Jones
|
0-0: Called Strike 0-1: Ground out 6-3 (Groundball, 6, EV 82.5 MPH)
|
Batting: RHB Josh Faulconer
|
0-0: Called Strike 0-1: Foul Ball, location: 2F 0-2: Strikes out swinging
|
Bottom of the 6th over - 0 runs, 0 hits, 0 errors, 0 left on base; Hudson Valley 8 - Los Angeles (NYP) 1 |
TOP OF THE 7TH |
Hudson Valley Renegades batting - Pitching for Los Angeles (NYP) Angels : LHP Chris Fuller
|
Pitching: RHP Tim Mumpower
|
|
Batting: RHB Eric Narrow
|
0-0: Ball 1-0: Ball 2-0: Ball 3-0: Base on Balls
|
Batting: LHB Tony Zizumbo
|
0-0: Ball Eric Narrow steals 2nd base 1-0: Ball 2-0: Swinging Strike 2-1: Called Strike 2-2: Foul Ball, location: 2F 2-2: SINGLE (Line Drive, 4D, EV 96.2 MPH) Eric Narrow to third
|
Batting: RHB Kevin Kush
|
0-0: SINGLE (Groundball, 6S, EV 68.1 MPH) (infield hit) Eric Narrow scores Tony Zizumbo to second
|
Batting: LHB Rocky Crowley
|
0-0: Foul Ball, location: 2F 0-1: Ball 1-1: Ball 2-1: Foul Ball, location: 2F 2-2: Ball 3-2: Foul Ball, location: 2F 3-2: Foul Ball, location: 2F 3-2: Foul Ball, location: 2F 3-2: Foul Ball, location: 2F 3-2: Foul Ball, location: 2F 3-2: Base on Balls Tony Zizumbo to third Kevin Kush to second
|
Pitching: RHP Adam Hefner
|
|
Batting: RHB Wil Urban
|
0-0: Ball 1-0: Swinging Strike 1-1: Swinging Strike 1-2: Ball 2-2: Foul Ball, location: 2F 2-2: Ball 3-2: Base on Balls Tony Zizumbo scores Kevin Kush to third Rocky Crowley to second
|
Batting: RHB Nelle Lommen
|
0-0: Swinging Strike 0-1: Hit by Pitch Kevin Kush scores Rocky Crowley to third Wil Urban to second
|
Batting: RHB Evan Chalarian
|
0-0: Ball 1-0: Called Strike 1-1: Ball 2-1: Foul Ball, location: 2F 2-2: Strikes out swinging
|
Pinch Hitting: RHB Jeremy Whitehurst
|
0-0: Foul Ball, location: 2F 0-1: Ball 1-1: Called Strike 1-2: SINGLE (Line Drive, 4MD, EV 105.6 MPH) Rocky Crowley scores Wil Urban to third Nelle Lommen to second
|
Pitching: RHP Malachi Ephron
|
|
Batting: RHB Jesus Carrillo
|
0-0: Ball 1-0: Ball 2-0: Ball 3-0: Base on Balls Wil Urban scores Nelle Lommen to third Jeremy Whitehurst to second
|
Batting: RHB Eric Narrow
|
0-0: Called Strike 0-1: Called Strike 0-2: Ball 1-2: Ball 2-2: Ball 3-2: Base on Balls Nelle Lommen scores Jeremy Whitehurst to third Jesus Carrillo to second
|
Batting: LHB Tony Zizumbo
|
0-0: Called Strike 0-1: Ball 1-1: Swinging Strike 1-2: Foul Ball, location: 2F 1-2: Ball Wild Pitch! Jeremy Whitehurst scores Jesus Carrillo to third Eric Narrow to second 2-2: Strikes out swinging
|
Batting: RHB Kevin Kush
|
0-0: Called Strike 0-1: Fly out, F7 (Flyball, 7, EV 83.1 MPH)
|
Top of the 7th over - 7 runs, 3 hits, 0 errors, 2 left on base; Hudson Valley 15 - Los Angeles (NYP) 1 |
BOTTOM OF THE 7TH |
Los Angeles (NYP) Angels batting - Pitching for Hudson Valley Renegades : RHP Carlos Najera
|
Now at 1B: Jeremy Whitehurst
|
|
Batting: LHB Mutsuo IIda
|
0-0: Called Strike 0-1: Ball 1-1: Foul Ball, location: 2F 1-2: Strikes out swinging
|
Pinch Hitting: RHB Danny Guevara
|
0-0: Called Strike 0-1: Ball 1-1: Ground out 6-3 (Groundball, 6, EV 78.8 MPH)
|
Batting: RHB Bryan Payne
|
0-0: Foul Ball, location: 2F 0-1: Foul Ball, location: 2F 0-2: Ball 1-2: Strikes out looking
|
Bottom of the 7th over - 0 runs, 0 hits, 0 errors, 0 left on base; Hudson Valley 15 - Los Angeles (NYP) 1 |
TOP OF THE 8TH |
Hudson Valley Renegades batting - Pitching for Los Angeles (NYP) Angels : RHP Malachi Ephron
|
Now at 1B: Jonathon Walton
|
|
Now in CF: Areda Obote
|
|
Batting: LHB Rocky Crowley
|
0-0: Ball 1-0: Foul Ball, location: 2F 1-1: SINGLE (Line Drive, 89S, EV 92.5 MPH)
|
Batting: RHB Wil Urban
|
0-0: Foul Ball, location: 2F 0-1: Called Strike 0-2: Strikes out swinging
|
Batting: RHB Nelle Lommen
|
0-0: Fielders Choice at 2nd, 5-4 (Groundball, 5S, EV 84.4 MPH)
|
Batting: RHB Evan Chalarian
|
0-0: Ball 1-0: Foul Ball, location: 2F 1-1: Ball 2-1: Fly out, F7 (Flyball, 78M, EV 96.9 MPH)
|
Top of the 8th over - 0 runs, 1 hit, 0 errors, 1 left on base; Hudson Valley 15 - Los Angeles (NYP) 1 |
BOTTOM OF THE 8TH |
Los Angeles (NYP) Angels batting - Pitching for Hudson Valley Renegades : RHP Carlos Najera
|
Batting: RHB J.R. Roberts
|
0-0: Called Strike 0-1: Called Strike 0-2: Foul Ball, location: 2F 0-2: Ground out U3 (Groundball, 34, EV 85.6 MPH)
|
Batting: RHB Khalil Thurston
|
0-0: Ball 1-0: Ball 2-0: Called Strike 2-1: Foul Ball, location: 2F 2-2: Strikes out swinging
|
Batting: RHB Juan Montez
|
0-0: DOUBLE (Groundball, 5L, EV 109.4 MPH)
|
Batting: LHB Jonathon Walton
|
0-0: Called Strike 0-1: Ball 1-1: Ground out U3 (Groundball, 34S, EV 85.0 MPH)
|
Bottom of the 8th over - 0 runs, 1 hit, 0 errors, 1 left on base; Hudson Valley 15 - Los Angeles (NYP) 1 |
TOP OF THE 9TH |
Hudson Valley Renegades batting - Pitching for Los Angeles (NYP) Angels : RHP Malachi Ephron
|
Batting: RHB Jeremy Whitehurst
|
0-0: Foul Ball, location: 2F 0-1: Ball 1-1: Called Strike 1-2: Ball 2-2: Ball 3-2: DOUBLE (Line Drive, 8LD, EV 98.8 MPH)
|
Batting: RHB Jesus Carrillo
|
0-0: Called Strike 0-1: Ball Balk! Jeremy Whitehurst to third 1-1: Ball 2-1: Foul Ball, location: 2F 2-2: Foul Ball, location: 2F 2-2: Foul Ball, location: 2F 2-2: Ball 3-2: Base on Balls
|
Pitching: RHP Wilford Harper
|
|
Batting: RHB Eric Narrow
|
0-0: Foul Ball, location: 2F 0-1: Ball 1-1: Ball 2-1: Swinging Strike 2-2: Strikes out swinging
|
Batting: LHB Tony Zizumbo
|
0-0: Foul Ball, location: 2F 0-1: Ball 1-1: Foul Ball, location: 2F 1-2: Ball 2-2: Ball Wild Pitch! Jeremy Whitehurst scores Jesus Carrillo to second 3-2: Ground out 3-1 (Groundball, 34, EV 103.8 MPH) Jesus Carrillo to third
|
Batting: RHB Kevin Kush
|
Balk! Jesus Carrillo scores 0-0: Ball 1-0: Foul Ball, location: 2F 1-1: Swinging Strike 1-2: Strikes out swinging
|
Top of the 9th over - 2 runs, 1 hit, 0 errors, 0 left on base; Hudson Valley 17 - Los Angeles (NYP) 1 |
BOTTOM OF THE 9TH |
Los Angeles (NYP) Angels batting - Pitching for Hudson Valley Renegades : RHP Carlos Najera
|
Batting: RHB Oren Jones
|
0-0: Ball 1-0: Called Strike 1-1: Ball 2-1: Ball 3-1: Base on Balls
|
Batting: RHB Josh Faulconer
|
0-0: Foul Ball, location: 2F 0-1: Called Strike 0-2: Foul Ball, location: 2F 0-2: Ball 1-2: Fly out, F9 (Flyball, 9D, EV 92.5 MPH)
|
Batting: LHB Mutsuo IIda
|
0-0: Ball 1-0: Called Strike 1-1: Ball 2-1: Called Strike 2-2: Fly out, F6 (Popup, P, EV 71.9 MPH)
|
Batting: RHB Areda Obote
|
0-0: Ball 1-0: Swinging Strike 1-1: Ball 2-1: Foul Ball, location: 2F 2-2: Foul Ball, location: 2F 2-2: Ground out 5-3 (Groundball, 5S, EV 73.1 MPH)
|
Bottom of the 9th over - 0 runs, 0 hits, 0 errors, 1 left on base; Hudson Valley 17 - Los Angeles (NYP) 1 |
|